 Dungeon Crawl Stone Soup version 0.22-a0-307-g2b15929 (webtiles) character file.

86 Borgoz the Ruffian (level 4, -9/37 (38) HPs)
             Began as a Ghoul Gladiator on Apr 1, 2018.
             Killed by divine providence
             ... invoked by an orc priest
              (12 damage)
             ... on level 3 of the Dungeon.
             The game lasted 00:03:01 (1309 turns).

Borgoz the Ruffian (Ghoul Gladiator)                Turns: 1309, Time: 00:03:02

HP:   -9/37 (38)    AC:  7    Str: 16 (17) XL:     4   Next: 50%
MP:   3/3           EV: 12    Int:  1 (3)  God:
Gold: 95            SH:  2    Dex:  8 (11) Spells: 3/3 levels left

rFire    . . .     SeeInvis .     - Unarmed
rCold    + . .     Gourm    .   (no shield)
rNeg     + + +     Faith    .   a - +0 leather armour
rPois    ∞         Spirit   .   b - +0 helmet
rElec    .         Reflect  +   (no cloak)
rCorr    .         Harm     .   (no gloves)
MR       .....                  g - +2 pair of boots
Stlth    +.........             e - +2 amulet of reflection
HPRegen  0.00/turn              (no ring)
MPRegen  0.08/turn              (no ring)

@: flying, rotting, hasted, very quick
A: rotting body, claws 1, carnivore, cold resistance 1, negative energy
resistance 3, inhibited regeneration, torment resistance, unbreathing
a: no special abilities


You were on level 3 of the Dungeon.
You were not hungry.

You visited 1 branch of the dungeon, and saw 3 of its levels.

You collected 95 gold pieces.

Inventory:

Missiles
 c - 3 throwing nets (quivered)
Armour
 a - a +0 leather armour (worn)
 b - a +0 helmet (worn)
 g - a +2 pair of boots (worn)
Jewellery
 e - a +2 amulet of reflection (around neck)
Scrolls
 f - a scroll of enchant armour {unknown}
 j - 3 scrolls of identify {unknown}
 k - 2 scrolls of enchant weapon {unknown}
 l - a scroll of teleportation {unknown}
Comestibles
 d - 4 rations
 n - 6 chunks of flesh


   Skills:
 + Level 3.1 Fighting
 - Level 1.7 Throwing
 + Level 1.5 Armour
 + Level 3.2 Dodging
 + Level 4.0 Unarmed Combat


You had 3 spell levels left.
You didn't know any spells.

Dungeon Overview and Level Annotations

Branches:
Dungeon (3/15)

Altars:


Innate Abilities, Weirdness & Mutations

Your body is rotting away.
You thrive on raw meat.
You are immune to poison.
You have sharp fingernails.
You are carnivorous and can eat meat at any time.
Your flesh is cold resistant. (rC+)
You are immune to negative energy. (rN+++)
You do not regenerate when monsters are visible.
You are immune to unholy pain and torment.
You can survive without breathing.


Message History

The orc priest is moderately wounded.
The orc priest hits you with a short sword.
* * * LOW HITPOINT WARNING * * *
It was a potion of flight.
You feel very buoyant.
You fly up into the air.
The orc priest barely misses you.
It was a potion of haste.
You feel yourself speed up.
The orc priest hits you but does no damage.
It was a potion of degeneration.
There was something very wrong with that liquid.
You feel weakened.
You feel dopey.
You feel clumsy.
The orc priest hits you with a short sword.
* * * LOW HITPOINT WARNING * * *
You closely miss the orc priest.
The orc priest is moderately wounded.
You scratch the orc priest but do no damage.
The orc priest is moderately wounded.
The orc priest invokes the aid of Beogh against you.
Beogh smites you!
You die...

.######.#
#.#........... #.#
#.#.......#.).
##.###.#.......#.##
.#.###...##.#.......#.#
............####.####.#
.#.###.(.#### #.# #.#
##.## #.# #.# o #.# #.#
#.# #.o #@# #[# #.#
....o##o# #.# ....K..K#
#.# .....###)....# #.##
#... .###.# #... ##. .#
#.##### # .# #...... ..
#..#### ## #......


You could see an orc priest and a kobold.

Vanquished Creatures
  Natasha (D:3)
  An ooze (D:3)
  A worm (D:2)
  A leopard gecko (D:1)
  5 orcs (D:3)
  2 ball pythons
  7 bats
  3 giant cockroaches
  2 goblins
  4 hobgoblins
  7 jackals (D:1)
  5 kobolds
  A quokka (D:3)
  2 frilled lizards (D:1)
  4 rats
46 creatures vanquished.

Notes
Turn   | Place    | Note
-------+----------+-------------------------------------------
     0 | D:1      | Borgoz the Ghoul Gladiator began the quest for the Orb.
     0 | D:1      | Reached XP level 1. HP: 17/17 MP: 0/0
   111 | D:1      | Reached XP level 2. HP: 22/25 MP: 1/1
   233 | D:1      | Reached XP level 3. HP: 26/30 MP: 2/2
   400 | D:1      | Reached skill level 1 in Armour
  1132 | D:3      | Noticed Natasha
  1142 | D:3      | Killed Natasha
  1142 | D:3      | Reached XP level 4. HP: 24/37 MP: 3/3
  1227 | D:3      | Reached skill level 4 in Unarmed Combat
  1309 | D:3      | Killed from afar by an orc priest

Vault maps used:
D:1:      lightli_arrival_statue_moat
D:2:      first_ration
D:3:      chequers_ecumenical_altar_twisty, uniq_natasha

Skill      XL: |  1  2  3  4 |
---------------+-------------+-----
Dodging        | 3 |  3.2
Armour         | 1 |  1.5
Fighting       | 3 |  3.1
Unarmed Combat | 4 |  4.0
Throwing       | |  1.7

Action                   |  1- 3 |  4- 6 || total
-------------------------+-------+-------++-------
Melee: Unarmed           |    91 |    53 ||   144
       Punch             |     1 |     1 ||     2
  Use: Potion            |       |     3 ||     3
 Stab: Sleeping          |       |     1 ||     1
  Eat: Chunk             |     5 |     3 ||     8
Armor: Leather armour    |    37 |    10 ||    47
Dodge: Dodged            |    83 |    24 ||   107
Block: Other             |       |     2 ||     2

Table legend:
 A = Spawn XP
 B = Non-spawn XP
 C = Spawn XP percentage of total XP
 D = Spawn monster count
 E = Non-spawn monster count
 F = Spawn count percentage of total count
 G = Total turns spent on level
                    A         B        C        D         E        F      G
               +---------+---------+-------+---------+---------+-------+---------
         Total |       0 |     124 |   0.0 |       0 |      46 |   0.0 |  1309
               +---------+---------+-------+---------+---------+-------+---------
           D:1 |       0 |      40 |   0.0 |       0 |      24 |   0.0 |   666
           D:2 |       0 |      16 |   0.0 |       0 |       8 |   0.0 |   337
           D:3 |       0 |      68 |   0.0 |       0 |      14 |   0.0 |   306
               +---------+---------+-------+---------+---------+-------+---------
